 Dungeon Crawl Stone Soup version 0.31.0-12-g77e489cdc1 (webtiles) character file.

Game seed: 2583674120133235036

29 Silvore the Trooper (level 3, -2/29 HPs)
             Began as a Demonspawn Fighter on Feb 12, 2024.
             Slain by a goblin
             ... wielding a +0 dagger
              (4 damage)
             ... on level 1 of the Dungeon.
             The game lasted 00:00:51 (746 turns).

Silvore the Trooper (Demonspawn Fighter)             Turns: 746, Time: 00:00:52

Health: -2/29      AC:  0    Str: 18    XL:     3   Next: 1%
Magic:  3/3        EV: 13    Int:  8    God:
Gold:   37         SH:  4    Dex: 12    Spells: 2/2 levels left

rFire   . . .        a - +0 long sword
rCold   . . .        c - +0 buckler
rNeg    . . .        (no body armour)
rPois   .            (no helmet)
rElec   .            (no cloak)
rCorr   .            (no gloves)
SInv    .            (no boots)
Will    .....        (no amulet)
Stlth   +            (no ring)
HPRegen 0.24/turn    (no ring)
MPRegen 0.08/turn

%: no passive effects
@: no status effects
A: repulsion field 1, demonic magic 1
a: no special abilities


You were on level 1 of the Dungeon.
You visited 1 branch of the dungeon, and saw 1 of its levels.

You collected 37 gold pieces.

Inventory:

Hand Weapons
 a - a +0 long sword (weapon)
Armour
 b - a +0 scale mail
 c - a +0 buckler (worn)
Scrolls
 f - 3 scrolls of teleportation {unknown}
 g - a scroll of identify {unknown}
 h - a scroll of enchant weapon {unknown}
Potions
 d - a potion of might
 e - 2 potions of curing {unknown}


   Skills:
 + Level 3.3 Fighting
 + Level 2.1 Long Blades
 + Level 3.0 Armour
 + Level 0.1 Dodging
 + Level 2.9 Shields


You had 2 spell levels left.
You didn't know any spells.
Your spell library was empty.

Dungeon Overview and Level Annotations

Branches:
Dungeon (1/15)

Altars:


Innate Abilities, Weirdness & Mutations

You are surrounded by a mild repulsion field. (EV +2)
Spells you cast may paralyse adjacent enemies.


Message History

The goblin hits you with a +0 dagger. The goblin closely misses you.
The goblin hits you with a +0 dagger. The goblin hits you with a +0 dagger.
The goblin barely misses you. You block the goblin's attack.
The goblin misses you. The goblin hits you with a +0 dagger.
The goblin hits you with a +0 dagger. You block the goblin's attack.
The goblin hits you with a +0 dagger. The goblin misses you.
The goblin misses you. The goblin hits you with a +0 dagger.
The goblin hits you with a +0 dagger. The goblin closely misses you.
The goblin closely misses you. The goblin closely misses you.
The goblin hits you with a +0 dagger.
* * * LOW HITPOINT WARNING * * *
You block the goblin's attack. The goblin completely misses you.
The goblin hits you with a +0 dagger.
* * * LOW HITPOINT WARNING * * *
The goblin misses you. The goblin misses you. You block the goblin's attack.
The goblin barely misses you. The goblin hits you with a +0 dagger.
* * * LOW HITPOINT WARNING * * *
You block the goblin's attack. The goblin misses you.
The goblin hits you with a +0 dagger.
* * * LOW HITPOINT WARNING * * *
The goblin hits you with a +0 dagger.
* * * LOW HITPOINT WARNING * * *
You block the goblin's attack. You block the goblin's attack.
The goblin hits you with a +0 dagger.
You die...

# #.......###.##.# #.# #
#.......#......# #.#
#####.......###############.#
.....#+####.#.. ..........#
####.#.# #.#.# ##########.#####
...#.#.# #.#.# .. .............
##.#†#.# #.#.# .# #####...####.
#.#.#.####.#.###g#######.#.# #.
#.#.#......#...@.#.........# #.
##.#.#.......######.###~###.####.
.....'........>##.. #.#≈#.#...##.
##.###........[...###.#≈#.###..).
...# ########.........#≈#.....###
.### #.....###.#≈#.###.# ..##
#.......#.#≈#.#...# #..####
#....##.###≈###.### ##....####
##'##...........#


You could see a goblin.

Vanquished Creatures
  A gnoll (D:1)
  2 endoplasms (D:1)
  3 goblins (D:1)
  4 hobgoblins (D:1)
  3 kobolds (D:1)
  4 ball pythons (D:1)
  A rat (D:1)
18 creatures vanquished.

Notes
Turn   | Place    | Note
-------+----------+-------------------------------------------
     0 | D:1      | Silvore the Demonspawn Fighter began the quest for the Orb.
     0 | D:1      | Reached XP level 1. HP: 18/18 MP: 1/1
   151 | D:1      | Gained mutation: You are surrounded by a mild repulsion
                  | field. (EV +2) [demonic ancestry]
   151 | D:1      | Reached XP level 2. HP: 16/24 MP: 2/2
   542 | D:1      | Gained mutation: Spells you cast may paralyse adjacent
                  | enemies. [demonic ancestry]
   542 | D:1      | Reached XP level 3. HP: 21/29 MP: 3/3
   746 | D:1      | Slain by a goblin

Illustrated notes

Levels and vault maps discovered:
D:1:      dpeg_arrival_morbid_curiosity, layout_basic, grunt_decor_cap

Skill      XL: |  1  2 |
---------------+-------+-----
Long Blades    | 2 |  2.1
Armour         | 3 |  3.0
Fighting       | |  3.3
Dodging        | |  0.1
Shields        | |  2.9

Action                     || total
---------------------------++-------
  Melee: Long sword        ||    65
 Armour: Scale mail        ||    93
         Skin              ||    14
  Dodge: Dodged            ||    81
  Block: Buckler           ||    40
